AoeStats
← ThePotatoSack

MegaRandom

506992192Analyzed
2v2 RM · 16d ago on Sep 16, 2026· 49m 36s· 4 players
Game mode
Random Map
Map size
Medium (4 player)
Population
200
Speed
Normal
Resources
Standard
Victory
Conquest
Starting age
Dark Age
Ending age
Imperial Age
RankedLock teamsTeams togetherTeam positionsShared explorationLock speedFull tech treeHidden civsTurbo modeCheats
Victory
Defeat
🇦🇷 Franks · Argentina
815
+15
🇨🇱 Huns · Chile
773
+17
🇺🇸 Sicilians · United States
825
-17
🇨🇦 Burgundians · Canada
775
-15
Limo3616
10:14 Feudal Age
15:58 Loom
16:41 Forging
16:19 Double-Bit Axe
20:47 Castle Age
24:44 Horse Collar
27:57 Thumb Ring
30:39 Bow Saw
31:13 Padded Archer Armor
31:04 Fletching
31:12 Gold Mining
32:37 Ballistics
38:05 Imperial Age
36:11 Wheelbarrow
38:03 Bodkin Arrow
38:23 Leather Archer Armor
40:24 Heavy Cavalry Archer
42:54 Parthian Tactics
43:06 Bracer
Facundo✔♫
11:36 Feudal Age
13:32 Man-at-Arms
13:58 Arson
26:06 Castle Age
24:43 Wheelbarrow
28:31 Medium Warships
28:44 Double-Bit Axe
34:44 Hand Cart
39:52 Imperial Age
39:14 Bow Saw
39:41 Gold Mining
41:13 Conscription
41:48 Heavy Warships
42:47 Chemistry
42:16 Ballistics
44:13 Masonry
44:33 Elite Throwing Axeman
45:36 #83
48:38 Cavalier
49:19 Husbandry
tryhuba
1:34 Wheelbarrow
0:49 Loom
13:02 Stone Mining
13:07 Double-Bit Axe
18:53 Fishing Lines
21:49 Feudal Age
21:36 Gold Mining
22:47 Hand Cart
22:44 Bow Saw
23:11 Gold Shaft Mining
22:20 Horse Collar
22:32 Man-at-Arms
27:06 Town Watch
28:11 Heavy Plow
31:33 Castle Age
32:51 Coinage
32:47 Husbandry
32:07 Cavalier
33:53 Burgundian Vineyards
36:57 Imperial Age
35:30 Stone Shaft Mining
34:56 Long Swordsman
35:36 Squires
35:23 Arson
35:38 Treadmill Crane
36:11 Fortified Wall
36:21 Ballistics
36:10 Caravan
37:25 Paladin
38:41 Banking
39:02 Conscription
39:55 Two-Man Saw
40:09 Forging
39:59 Scale Mail Armor
40:05 Scale Barding Armor
40:49 Crop Rotation
40:13 Elite Coustillier
42:42 Two-Handed Swordsman
43:51 Chain Mail Armor
44:45 Iron Casting
46:10 Champion
50:07 Blast Furnace
49:38 Plate Mail Armor
49:29 Chain Barding Armor
ThePotatoSack
14:25 Loom
17:29 Feudal Age
20:09 Man-at-Arms
40:12 Castle Age
40:19 Castle Age
38:08 Double-Bit Axe
38:17 Gold Mining
40:57 Elite Skirmisher
41:44 Fletching
41:55 Padded Archer Armor
46:36 Ballistics
Connection lost

Rejoining the realm…

Still unreachable

The connection could not be restored.

Session expired

The server has moved on; the page needs a fresh start.